 Dungeon Sprint DCSS version 0.31.0 (webtiles) character file.

Game seed: 17773163801791873546

3800000 thiscave3701365 the Intangible (level 24, -125/208 HPs)
             Began as a Djinni Warper on Jan 19, 2024.
             Was the Champion of Makhleb.
             Annihilated by a destroyer
             ... wielding a +9 heavy great sword
              (184 damage)
             ... in the Dungeon (Sprint VIII: "Arena of Blood").
             The game lasted 00:01:58 (38 turns).

thiscave3701365 the Intangible (Djinni Warper)        Turns: 38, Time: 00:02:07

Health: -125/208   AC:  6    Str: 18    XL:     24   Next: 81%
Gold:   0          EV: 28    Int: 16    God:    Makhleb [******] SH:  0 Dex: 16

rFire   + + .        i - +∞ Axe of Woe
rCold   x . .        (shield currently unavailable)
rNeg    . . .        b - +0 leather armour
rPois   ∞            (no helmet)
rElec   .            (no cloak)
rCorr   .            (no gloves)
SInv    .            (boots unavailable)
Will    ++...        (no amulet)
Stlth   ++++++       (no ring)
HPRegen 0.54/turn    (no ring)
MPRegen 0.00/turn

%: no teleportation, infuse magic (-126 HP)
@: flying
A: sickness immunity, fire resistance 2, cold vulnerability 1, float, innate
caster, HP casting, extra vitality 1
a: Renounce Religion, Minor Destruction, Lesser Servant of Makhleb, Major
Destruction, Greater Servant of Makhleb


You were in the Dungeon.
You worshipped Makhleb.
Makhleb was exalted by your worship.
You visited 1 branch

Inventory:

Hand Weapons
 a - a +0 hand axe
 i - the +∞ Axe of Woe (weapon)
   (You found it in the Dungeon)
Missiles
 d - 7 darts of dispersal
Armour
 b - a +0 leather armour (worn)
Scrolls
 c - 2 scrolls of blinking
Potions
 e - a potion of curing
 f - a potion of heal wounds
 g - a potion of haste
 h - a potion of berserk rage


   Skills:
 O Level 27 Fighting
 + Level 16.6(19.4) Short Blades
 + Level 16.6(19.4) Long Blades
 O Level 27 Axes
 + Level 15.3(24.4) Maces & Flails
 + Level 15.3(24.4) Polearms
 + Level 16.6(21.7) Staves
 + Level 15.3 Ranged Weapons
 O Level 27 Throwing
 O Level 27 Armour
 O Level 27 Dodging
 + Level 16.6 Stealth
 + Level 18.0 Shields
 + Level 18.0 Unarmed Combat
 O Level 27 Spellcasting
 O Level 27 Conjurations
 O Level 27 Hexes
 O Level 27 Summonings
 O Level 27 Necromancy
 O Level 27 Translocations
 O Level 27 Fire Magic
 O Level 27 Ice Magic
 O Level 27 Air Magic
 O Level 27 Earth Magic
 O Level 27 Alchemy
 + Level 18.0 Invocations
 + Level 18.0 Evocations
 + Level 15.3 Shapeshifting


You knew the following spells:

 Your Spells              Type           Power      Damage    Failure   Level
a - Blink                 Tloc           100%       N/A       0%          2
b - Lesser Beckoning      Tloc           100%       N/A       0%          2
c - Teleport Other        Tloc           82%        N/A       0%          3
d - Manifold Assault      Tloc           82%        N/A       0%          4
e - Vhi's Electric Charg  Tloc/Air       100%       N/A       0%          4
f - Slow                  Hex            100%       N/A       0%          1
g - Ensorcelled Hibernat  Hex/Ice        100%       N/A       0%          2
h - Call Imp              Summ           100%       N/A       0%          2
i - Iskenderun's Mystic   Conj/Tloc      82%        2d16      0%          4
j - Summon Forest         Summ/Tloc      41%        N/A       0%          5
k - Lee's Rapid Deconstr  Erth           41%        3d20*     0%          5
l - Conjure Ball Lightni  Conj/Air       41%        3x3d13    0%          6
m - Starburst             Conj/Fire      41%        6d12      0%          6
n - Haunt                 Necr/Summ      41%        N/A       1%          7
o - Orb of Destruction    Conj           41%        9d11      1%          7
p - Lehudib's Crystal Sp  Conj/Erth      41%        10d10     1%          8
Your spell library was empty.

Dungeon Overview and Level Annotations

Branches:
Dungeon (1/1)

Altars:
Makhleb

Annotations:
D The Servant


Innate Abilities, Weirdness & Mutations

You are immune to sickness and miasma.
You are immune to poison.
Your flesh is very heat resistant. (rF++)
You are vulnerable to cold. (rC-)
You float through the air rather than walking.
You learn spells naturally, not from books.
Your magical power is your life essence.
You have superior vitality. (+4 MHP)


Message History

Makhleb accepts your kill.
You feel better.
The large bag of meat explodes!
The fiery explosion engulfs you! You resist.
* * * LOW HITPOINT WARNING * * *
You are engulfed in blazing flames.
You resist.
* * * LOW HITPOINT WARNING * * *
You hear a shout! x6
A meat berserker comes into view. It is wielding a +9 battleaxe.
The sculptor of flesh is engulfed in blazing flames.
A meat berserker comes into view. It is wielding a +9 battleaxe. x2
A large bag of meat comes into view. It is wielding a +9 giant spiked club.
The bag of meat is engulfed in blazing flames.
Your base Short Blades skill increases to level 16!
Your base Long Blades skill increases to level 16!
Your base Maces & Flails skill increases to level 15!
Your base Polearms skill increases to level 15!
Your base Staves skill increases to level 16!
Your Ranged Weapons skill increases to level 15!
Your Stealth skill increases to level 16!
Your Shields skill gained 2 levels and is now at level 18!
Your Unarmed Combat skill gained 2 levels and is now at level 18!
Your Invocations skill gained 2 levels and is now at level 18!
Your Evocations skill gained 2 levels and is now at level 18!
Your Shapeshifting skill increases to level 15!
A destroyer comes into view. It is wielding a +9 heavy great sword.
You are too injured to fight recklessly!
Unknown command.
Unknown command.
Cleave: i) +∞ Axe of Woe
Press: ? - help, Dir - move target
Okay, then.
Unknown command.
The sculptor of flesh is engulfed in blazing flames.
The meat berserker rages.
The bag of meat is engulfed in blazing flames.
A bag of meat comes into view. It is wielding a +9 war axe.
The destroyer hits you with a +9 heavy great sword!!!!!
Ouch! That really hurt!
You die...

......#.)...#....
#.....)))_o......
.....o).###..o....
...###@)○§☼○.###..
. #.o)§)O.# ...
...#..)○o§§#....
......§§)§○§.....
...O..§°§§.§....#
.....O§oz@.....#V
........Vo..o##.O
...#......O.#....
............#..o#
..##.#....... ..
.O.......... .
o...#.....###
..........


You could see The Servant, a destroyer, a sculptor of flesh, 2 large bags of
meat, 4 meat berserkers and 9 bags of meat.

Vanquished Creatures
  17 ogres (D)
  4 two-headed ogres (D)
  40 orcs (D)
61 creatures vanquished.

Notes
Turn   | Place    | Note
-------+----------+-------------------------------------------
     0 | D        | Found the +∞ Axe of Woe
     0 | D        | thiscave3701365 the Djinni Warper began the quest for the
                  | Orb.
     0 | D        | thiscave3701365 set off with the following spells
                  | memorised: Blink, Lesser Beckoning, Teleport Other,
                  | Manifold Assault, Vhi's Electric Charge.
     0 | D        | Reached XP level 1. HP: 18/18 MP: 0/0
     2 | D        | Noticed a bag of meat
     4 | D        | Became a worshipper of Makhleb the Destroyer
     4 | D        | Noticed a bag of meat
     5 | D        | Noticed a bag of meat
     5 | D        | Noticed a bag of meat
     6 | D        | Killed a bag of meat
     7 | D        | Reached skill level 15 in Fighting
     7 | D        | Reached skill level 15 in Dodging
     7 | D        | Reached XP level 2. HP: 43/43 MP: 0/0
     7 | D        | Reached XP level 3. HP: 49/49 MP: 0/0
     7 | D        | Learned a level 1 spell: Slow
     7 | D        | Reached XP level 4. HP: 55/55 MP: 0/0
     7 | D        | Reached XP level 5. HP: 60/60 MP: 0/0
     7 | D        | Learned a level 2 spell: Ensorcelled Hibernation
     7 | D        | Reached XP level 6. HP: 67/67 MP: 0/0
     7 | D        | Reached XP level 7. HP: 72/72 MP: 0/0
     7 | D        | Learned a level 2 spell: Call Imp
     7 | D        | Reached XP level 8. HP: 78/78 MP: 0/0
     7 | D        | Reached XP level 9. HP: 84/84 MP: 0/0
     7 | D        | Learned a level 4 spell: Iskenderun's Mystic Blast
     7 | D        | Reached XP level 10. HP: 90/90 MP: 0/0
     7 | D        | Reached XP level 11. HP: 95/95 MP: 0/0
     7 | D        | Learned a level 5 spell: Summon Forest
     7 | D        | Killed a bag of meat
     7 | D        | Reached * piety under Makhleb
     8 | D        | Reached skill level 5 in Armour
     8 | D        | Reached XP level 12. HP: 106/106 MP: 0/0
     8 | D        | Noticed a bag of meat
     8 | D        | Noticed a bag of meat
     8 | D        | Noticed a bag of meat
     8 | D        | Noticed a meat berserker
     8 | D        | Noticed a bag of meat
     8 | D        | Noticed a bag of meat
     8 | D        | Noticed a bag of meat
     8 | D        | Noticed a bag of meat
     9 | D        | Killed a bag of meat
     9 | D        | Killed a bag of meat
     9 | D        | Noticed a bag of meat
    10 | D        | Reached skill level 5 in Throwing
    10 | D        | Reached XP level 13. HP: 117/117 MP: 0/0
    10 | D        | Learned a level 5 spell: Lee's Rapid Deconstruction
    10 | D        | Killed a bag of meat
    10 | D        | Reached ** piety under Makhleb
    10 | D        | Noticed a large bag of meat
    10 | D        | Noticed a bag of meat
    11 | D        | Reached XP level 14. HP: 126/126 MP: 0/0
    11 | D        | Killed a meat berserker
    11 | D        | Noticed a bag of meat
    11 | D        | Noticed a bag of meat
    11 | D        | Noticed a bag of meat
    11 | D        | Noticed a meat berserker
    11 | D        | Noticed a meat berserker
    11 | D        | Noticed a bag of meat
    12 | D        | Noticed a meat berserker
    12 | D        | Noticed a meat berserker
    12 | D        | Noticed a bag of meat
    12 | D        | Noticed a bag of meat
    13 | D        | Noticed a meat berserker
    13 | D        | Killed a meat berserker
    13 | D        | Killed a bag of meat
    13 | D        | Reached *** piety under Makhleb
    13 | D        | Noticed a meat berserker
    13 | D        | Noticed a bag of meat
    14 | D        | Reached XP level 15. HP: 139/139 MP: 0/0
    14 | D        | Learned a level 6 spell: Conjure Ball Lightning
    14 | D        | Noticed a meat berserker
    15 | D        | Reached **** piety under Makhleb
    16 | D        | Reached skill level 27 in Dodging
    16 | D        | Reached XP level 16. HP: 153/153 MP: 0/0
    17 | D        | Reached skill level 27 in Fighting
    17 | D        | Reached skill level 10 in Armour
    17 | D        | Reached XP level 17. HP: 160/160 MP: 0/0
    17 | D        | Learned a level 6 spell: Starburst
    17 | D        | Killed a meat berserker
    17 | D        | Noticed a meat berserker
    18 | D        | Killed a large bag of meat
    18 | D        | Reached ***** piety under Makhleb
    18 | D        | Killed a meat berserker
    18 | D        | Noticed a meat berserker
    18 | D        | Noticed a large bag of meat
    19 | D        | Reached skill level 27 in Axes
    19 | D        | Reached skill level 15 in Throwing
    19 | D        | Reached XP level 18. HP: 156/167 MP: 0/0
    19 | D        | Killed a meat berserker
    19 | D        | Killed a meat berserker
    19 | D        | Killed a meat berserker
    20 | D        | Reached XP level 19. HP: 168/174 MP: 0/0
    20 | D        | Learned a level 7 spell: Haunt
    20 | D        | Reached ****** piety under Makhleb
    20 | D        | Killed a meat berserker
    20 | D        | Noticed a meat berserker
    21 | D        | Noticed a meat berserker
    23 | D        | Reached skill level 27 in Armour
    23 | D        | Reached XP level 20. HP: 178/181 MP: 0/0
    24 | D        | Noticed a meat berserker
    24 | D        | Noticed a meat berserker
    25 | D        | Killed a large bag of meat
    25 | D        | Killed a meat berserker
    25 | D        | Killed a meat berserker
    25 | D        | Noticed a meat berserker
    26 | D        | Reached skill level 27 in Throwing
    26 | D        | Reached skill level 27 in Spellcasting
    26 | D        | Reached skill level 27 in Conjurations
    26 | D        | Reached skill level 27 in Hexes
    26 | D        | Reached skill level 27 in Summonings
    26 | D        | Reached skill level 27 in Necromancy
    26 | D        | Reached skill level 27 in Translocations
    26 | D        | Reached skill level 27 in Fire Magic
    26 | D        | Reached skill level 27 in Ice Magic
    26 | D        | Reached skill level 27 in Air Magic
    26 | D        | Reached skill level 27 in Earth Magic
    26 | D        | Reached skill level 27 in Alchemy
    26 | D        | Reached XP level 21. HP: 170/187 MP: 0/0
    26 | D        | Learned a level 7 spell: Orb of Destruction
    26 | D        | Killed a meat berserker
    26 | D        | Killed a meat berserker
    26 | D        | Noticed a meat berserker
    27 | D        | Reached skill level 5 in Short Blades
    27 | D        | Reached skill level 5 in Long Blades
    27 | D        | Reached skill level 5 in Maces & Flails
    27 | D        | Reached skill level 5 in Polearms
    27 | D        | Reached skill level 5 in Staves
    27 | D        | Reached skill level 5 in Ranged Weapons
    27 | D        | Reached skill level 5 in Stealth
    27 | D        | Reached skill level 5 in Shapeshifting
    27 | D        | Noticed a large bag of meat
    27 | D        | Noticed a meat berserker
    28 | D        | Killed a meat berserker
    29 | D        | Reached XP level 22. HP: 194/194 MP: 0/0
    29 | D        | Killed a meat berserker
    29 | D        | Noticed a large bag of meat
    30 | D        | Reached skill level 10 in Short Blades
    30 | D        | Reached skill level 10 in Long Blades
    30 | D        | Reached skill level 10 in Staves
    30 | D        | Reached skill level 10 in Stealth
    31 | D        | Reached skill level 10 in Maces & Flails
    31 | D        | Reached skill level 10 in Polearms
    31 | D        | Reached skill level 10 in Ranged Weapons
    31 | D        | Reached skill level 10 in Shapeshifting
    31 | D        | Noticed The Servant
    32 | D        | Reached XP level 23. HP: 201/201 MP: 0/0
    32 | D        | Learned a level 8 spell: Lehudib's Crystal Spear
    33 | D        | Noticed a destroyer
    34 | D        | Reached skill level 15 in Shields
    34 | D        | Reached skill level 15 in Unarmed Combat
    34 | D        | Reached skill level 15 in Invocations
    34 | D        | Reached skill level 15 in Evocations
    34 | D        | Reached XP level 24. HP: 208/208 MP: 0/0
    34 | D        | Noticed a large bag of meat
    35 | D        | Killed a large bag of meat
    36 | D        | Reached skill level 15 in Short Blades
    36 | D        | Reached skill level 15 in Long Blades
    36 | D        | Reached skill level 15 in Staves
    36 | D        | Reached skill level 15 in Stealth
    36 | D        | HP: 9/208 [bag of meat/+9 war axe (41)]
    37 | D        | Killed a large bag of meat
    37 | D        | Noticed a large bag of meat
    38 | D        | Reached skill level 15 in Maces & Flails
    38 | D        | Reached skill level 15 in Polearms
    38 | D        | Reached skill level 15 in Ranged Weapons
    38 | D        | Reached skill level 15 in Shapeshifting
    38 | D        | Noticed a destroyer
    38 | D        | Annihilated by a destroyer

Illustrated notes

Levels and vault maps discovered:
D:        meatsprint

Skill      XL: |  1  2  3  4  5  6  7  8  9 10 11 12 13 14 15 16 17 18 19 20 21 22 23 24 |
---------------+-------------------------------------------------------------------------+-----
Fighting       | 15 17 19 20 23 26 27 | 27.0
Axes           | 12 14 17 18 21 23 24 27 | 27.0
Throwing       | 3 4 5 6 7 8 15 19 24 27 | 27.0
Armour         | 4 5 6 8 9 10 18 23 27 | 27.0
Dodging        | 15 17 20 21 25 27 | 27.0
Spellcasting   | 13 19 27 | 27.0
Conjurations   | 13 19 27 | 27.0
Hexes          | 13 19 27 | 27.0
Summonings     | 13 19 27 | 27.0
Necromancy     | 13 19 27 | 27.0
Translocations | 13 19 27 | 27.0
Fire Magic     | 13 19 27 | 27.0
Ice Magic      | 13 19 27 | 27.0
Air Magic      | 13 19 27 | 27.0
Earth Magic    | 13 19 27 | 27.0
Alchemy        | 13 19 27 | 27.0
Short Blades   | 8 11 14 16 | 16.6
Long Blades    | 8 11 14 16 | 16.6
Maces & Flails | 7 10 13 15 | 15.3
Polearms       | 7 10 13 15 | 15.3
Staves         | 8 11 14 16 | 16.6
Ranged Weapons | 7 10 13 15 | 15.3
Stealth        | 8 11 14 16 | 16.6
Shields        | 8 12 15 18 | 18.0
Unarmed Combat | 8 12 15 18 | 18.0
Invocations    | 8 12 15 18 | 18.0
Evocations     | 8 12 15 18 | 18.0
Shapeshifting  | 7 10 13 15 | 15.3

Action                     |  1- 3 |  4- 6 |  7- 9 | 10-12 | 13-15 | 16-18 | 19-21 | 22-24 || total
---------------------------+-------+-------+-------+-------+-------+-------+-------+-------++-------
  Melee: Executioner's axe |     1 |       |       |     2 |     5 |     4 |     6 |     7 ||    25
 Armour: Leather armour    |       |       |       |     1 |       |     3 |    13 |    11 ||    28
  Dodge: Dodged            |       |       |       |     1 |       |       |     1 |     1 ||     3
